 Dungeon Crawl Stone Soup version 0.30-a0-743-gbfdf073431 (webtiles) character file.

Game seed: 18282363560558440162

49929 jimonade the Markself (level 14, -8/92 HPs)
             Began as a Deep Elf Hunter on Feb 7, 2023.
             Was a Believer of Ashenzari.
             Mangled by a death yak (27 damage)
             ... on level 5 of the Lair of Beasts.
             The game lasted 00:59:12 (13937 turns).

jimonade the Markself (Deep Elf Hunter)            Turns: 13937, Time: 00:59:13

Health: -8/92      AC: 13    Str:  8    XL:     14   Next: 17%
Magic:  30/30      EV: 26    Int: 16    God:    Ashenzari [**....]
Gold:   665        SH:  0    Dex: 22    Spells: 16/33 levels left

rFire   . . .      SeeInvis +    a - +4 shortbow (chaos)
rCold   . . .      Faith    .    (shield currently unavailable)
rNeg    . . .      Spirit   .    S - +0 steam dragon scales
rPois   .          Reflect  .    m - +0 helmet
rElec   .          Harm     .    v - +2 cloak of the Cursed Paranoia {Cun, Self} (curse)
rCorr   .          Rampage  .    o - +0 pair of gloves of Ashenzari's Mutualism {Alch, Range} (curse)
Will    +....                    w - +2 pair of boots "Shackled With Me" {Cun, Range} (curse)
Stlth   ++++                     N - amulet of regeneration
HPRegen 1.15/turn                H - +4 ring of slaying
MPRegen 0.22/turn                z - +5 ring of evasion

@: no status effects
A: no striking features
a: Renounce Religion, Shatter the Chains


You were on level 5 of the Lair of Beasts.
You worshipped Ashenzari.
Ashenzari was pleased with you.
You visited 3 branches of the dungeon, and saw 16 of its levels.
You also visited: Gauntlet.

You collected 977 gold pieces.
You spent 312 gold pieces at shops.

Inventory:

Hand Weapons
 a - a +4 shortbow of chaos (weapon)
 b - a +2 dagger of electrocution
 B - a +0 triple sword
Missiles
 J - a throwing net
Armour
 m - a +0 helmet (worn)
 o - the cursed +0 pair of gloves of Ashenzari's Mutualism (worn) {Alch, Range}
   (You found it on level 1 of the Lair of Beasts)

   It has a curse which improves the following skills: Alchemy: Poison Magic and
   Transmutations.
   Ranged Combat: Ranged Weapons and Throwing.
 v - the cursed +2 cloak of the Cursed Paranoia (worn) {Cun, Self}
   (You found it on level 3 of the Dungeon)

   It has a curse which improves the following skills: Cunning: Dodging and
   Stealth.
   Introspection: Fighting and Spellcasting.
 w - the cursed +2 pair of boots "Shackled With Me" (worn) {Cun, Range}
   (You found it on level 3 of the Dungeon)

   It has a curse which improves the following skills: Cunning: Dodging and
   Stealth.
   Ranged Combat: Ranged Weapons and Throwing.
 L - a +1 ring mail of fire resistance
 S - +0 steam dragon scales (worn)
Magical Staves
 O - a staff of fire
Jewellery
 f - a ring of resist corrosion
 r - a ring of protection from fire
 z - a +5 ring of evasion (right hand)
 E - a ring of protection from cold
 F - a +4 ring of slaying
 H - a +4 ring of slaying (left hand)
 M - a ring of willpower
 N - an amulet of regeneration (around neck)
Wands
 c - a wand of roots (3)
 l - a wand of mindburst (10)
 C - a wand of paralysis (21)
 Q - a wand of acid (8)
Scrolls
 d - 13 scrolls of identify
 h - 4 scrolls of magic mapping
 i - 2 scrolls of summoning
 k - 2 scrolls of poison
 n - 4 scrolls of vulnerability
 q - 6 scrolls of teleportation
 t - 3 scrolls of enchant armour
 u - a scroll of silence
 x - 2 scrolls of torment
 y - a scroll of immolation
 D - 2 scrolls of amnesia
Potions
 e - 6 potions of curing
 g - 5 potions of magic
 j - 6 potions of flight
 s - 6 potions of brilliance
 A - 5 potions of attraction
 I - a potion of haste
 P - 3 potions of heal wounds
 T - a potion of cancellation


   Skills:
 + Level 11.2(12.4) Fighting
 - Level 15.3(17.1) Ranged Weapons
 + Level 2.1 Armour
 + Level 9.6(11.5) Dodging
 + Level 4.0(5.7) Stealth
 + Level 9.2(10.4) Spellcasting
 + Level 7.1 Conjurations
 * Level 8.9 Hexes
 + Level 1.0 Necromancy
 + Level 0.6 Fire Magic
 + Level 6.0 Air Magic
 * Level 8.0 Earth Magic
 + Level 6.2(7.4) Poison Magic


You had 16 spell levels left.
You knew the following spells:

 Your Spells              Type           Power      Damage    Failure   Level
a - Poisonous Vapours     Pois/Air       60%        N/A       1%          2
b - Mephitic Cloud        Conj/Pois/Air  30%        N/A       1%          3
c - Cigotuvi's Dreadful   Necr/Pois/Air  46%        N/A       1%          2
d - Leda's Liquefaction   Hex/Erth       17%        N/A       2%          4
e - Inner Flame           Hex/Fire       23%        N/A       3%          3
f - Portal Projectile     Hex/Tloc       44%        N/A       4%          3

Your spell library contained the following spells:

 Spells                   Type           Power      Damage    Failure   Level
 Sandblast                Erth           68%        2d15      1%          1
 Stone Arrow              Conj/Erth      64%        3d11      1%          3
 Passwall                 Tmut/Erth      17%        N/A       2%          2
 Flame Wave               Conj/Fire      20%        2d7       17%         4
 Sticky Flame             Conj/Fire      20%        2d4       17%         4
 Call Canine Familiar     Summ           8%         N/A       26%         3
 Freezing Cloud           Conj/Ice/Air   11%        6-21      36%         5
 Simulacrum               Ice/Necr       5%         N/A       100%        6
 Polar Vortex             Ice            4%         N/A       100%        9


Dungeon Overview and Level Annotations

Branches:
Dungeon (10/15)            Temple (1/1) D:4            Lair (5/5) D:10
  Swamp (0/4) Lair:2       Spider (0/4) Lair:2        Slime (0/5) Lair:5
Gauntlet (visited)
    Orc: D:9-12

Altars:
Ashenzari
Cheibriados
Dithmenos
Elyvilon
Fedhas
Gozag
Hepliaklqana
Kikubaaqudgha
Makhleb
Nemelex Xobeh
Okawaru
Qazlal
Ru
Sif Muna
Trog
Uskayaw
Vehumet
Wu Jian
Xom
Yredelemnul
Zin
The Shining One
Jiyva

Shops:
D:3 :   D:4 :   D:9 !?

Annotations:
D:2 exclusion: rat, Sigmund
D:3 exclusion: downstairs
D:4 3 runed translucent doors, SirDiesAlot's ghost, amateur DsHu


Message History

You shoot an arrow. The arrow hits the death yak.
The death yak suddenly seems more agile.
The death yak is moderately wounded.
Fire: a) +4 shortbow (chaos)
Press: ? - help, Q - select action, (/) - cycle Shift-Dir - straight line, f/p - death yak
Aim: a death yak (moderately wounded, strong, unusually agile, 78% to hit)
You shoot an arrow. The arrow hits the death yak.
The death yak is moderately wounded.
The death yak seems less drained.
The death yak gores you but does no damage.
Fire: a) +4 shortbow (chaos)
Press: ? - help, Q - select action, (/) - cycle Shift-Dir - straight line, f/p - death yak
Aim: a death yak (moderately wounded, strong, unusually agile, 78% to hit)
You shoot an arrow. The arrow hits the death yak.
The death yak is moderately wounded.
The death yak misses you.
Fire: a) +4 shortbow (chaos)
Press: ? - help, Q - select action, (/) - cycle Shift-Dir - straight line, f/p - death yak
Aim: a death yak (moderately wounded, strong, unusually agile, 78% to hit)
You shoot an arrow. The arrow barely misses the death yak.
The death yak completely misses you.
Fire: a) +4 shortbow (chaos)
Press: ? - help, Q - select action, (/) - cycle Shift-Dir - straight line, f/p - death yak
Aim: a death yak (moderately wounded, strong, unusually agile, 78% to hit)
You shoot an arrow. The arrow closely misses the death yak.
Fire: a) +4 shortbow (chaos)
Press: ? - help, Q - select action, (/) - cycle Shift-Dir - straight line, f/p - death yak
Aim: a death yak (moderately wounded, strong, unusually agile, 78% to hit)
You shoot an arrow.
The arrow hits the death yak but does no damage.
The death yak is moderately wounded.
The death yak misses you.
Fire: a) +4 shortbow (chaos)
Press: ? - help, Q - select action, (/) - cycle Shift-Dir - straight line, f/p - death yak
Aim: a death yak (moderately wounded, strong, unusually agile, 78% to hit)
You shoot an arrow. The arrow hits the death yak.
The arrow burns the death yak.
The death yak is heavily wounded.
The death yak gores you!!
You die...

##.........#P............. ,
###..........#.............. *
##..............##...........
#.†.............#............,
##.............#.#........... ,
#................##.........,
##........!......####........,#
##............†.†.#
##........*#
##..............@#.#
#...#.######
#.............###Y#####..### #.
##.............##Y..#......# #P
##...................Y...## ##
###......................#### #
##P.#.....P#............#.###
#..............#..........YP#
##............###..#.##..#...
###P...........#.#.##..##......


You could see 2 death yaks.

Vanquished Creatures
  4 hydras
  2 two-headed ogres (D:10)
  Erica (D:9)
  A catoblepas (Lair:3)
  11 death yaks (Lair:5)
  2 thrashing horrors (Gauntlet)
  Pikel (D:9)
  A cyclops (D:10)
  A manticore (Lair:3)
  2 elephants (Lair:5)
  7 black mambas
  A torpor snail (Lair:2)
  10 cane toads
  A gargoyle (D:7)
  An unseen horror (D:8)
  12 rime drakes
  8 komodo dragons
  2 trolls
  2 polar bears (Lair:5)
  A hornet (Lair:4)
  14 blink frogs
  5 dream sheep
  A small abomination (Gauntlet)
  A centaur simulacrum (Gauntlet)
  A snapping turtle (Lair:2)
  3 culicivoras (Lair:2)
  3 jumping spiders (Lair:2)
  55 yaks
  11 wyverns
  A steam dragon (D:9)
  A golden eye (shapeshifter) (Lair:3)
  8 basilisks
  11 water moccasins
  3 swamp worms (Lair:2)
  An acid dragon (D:10)
  5 orc warriors
  An ice beast (D:7)
  2 ogres
  8 black bears
  7 wolves
  4 centaurs
  4 lemures (D:9)
  A phantom (D:6)
  A kobold brigand (D:10)
  15 bullfrogs
  2 necrophages
  A gnoll sergeant (D:7)
  5 scorpions
  8 wights
  12 killer bees (D:10)
  2 electric eels
  6 howler monkeys
  A hound (D:4)
  2 gnoll boudas
  8 orc priests
  5 iguanas
  8 orc wizards
  6 hell rats (Lair:3)
  11 gnolls
  5 adders
  A shadow imp (D:6)
  4 worms
  2 dart slugs
  35 orcs
  5 ball pythons
  4 bats
  4 endoplasms
  3 giant cockroaches
  4 goblins
  5 hobgoblins
  4 jackals (D:2)
  7 quokkas
  4 frilled lizards
  11 kobolds
  14 rats
427 creatures vanquished.

Vanquished Creatures (others)
  39 fungi
  51 plants
90 creatures vanquished.

Grand Total: 517 creatures vanquished

Notes
Turn   | Place    | Note
-------+----------+-------------------------------------------
     0 | D:1      | jimonade the Deep Elf Hunter began the quest for the Orb.
     0 | D:1      | Reached XP level 1. HP: 12/12 MP: 3/3
   142 | D:1      | Reached XP level 2. HP: 16/16 MP: 4/4
   146 | D:1      | Reached skill level 6 in Ranged Weapons
   361 | D:1      | Found a faded altar of an unknown god.
   624 | D:2      | Reached XP level 3. HP: 15/20 MP: 5/5
   824 | D:2      | Noticed Sigmund
   953 | D:2      | You fall into a shaft and drop 1 floor!
  1141 | D:3      | Found Hemapt's Book Emporium.
  1156 | D:3      | Reached skill level 7 in Ranged Weapons
  1242 | D:3      | Reached XP level 4. HP: 26/26 MP: 6/6
  1704 | D:4      | Found a sacrificial altar of Ru.
  1790 | D:4      | Noticed a bullfrog
  1794 | D:4      | Killed a bullfrog
  1795 | D:4      | Reached skill level 8 in Ranged Weapons
  1795 | D:4      | Reached XP level 5. HP: 30/30 MP: 7/7
  1811 | D:4      | Found a staircase to the Ecumenical Temple.
  1843 | D:4      | Noticed a black bear
  1892 | D:3      | Killed a black bear
  1900 | D:4      | Found Loveip's Book Shoppe.
  1993 | D:4      | Reached skill level 9 in Ranged Weapons
  2009 | D:4      | Reached XP level 6. HP: 35/35 MP: 8/8
  2144 | D:4      | Found a runed translucent gate.
  2145 | D:4      | Found a runed translucent gate.
  2145 | D:4      | Found a runed translucent gate.
  2146 | D:4      | Noticed SirDiesAlot's ghost (amateur DsHu)
  2216 | Temple   | Entered the Ecumenical Temple
  2261 | Temple   | Became a worshipper of Ashenzari the Shackled
  2422 | D:4      | Reached skill level 10 in Ranged Weapons
  2531 | D:5      | Entered Level 5 of the Dungeon
  2662 | D:5      | Reached skill level 1 in Armour
  2662 | D:5      | Reached XP level 7. HP: 40/40 MP: 9/9
  2884 | D:5      | Reached skill level 11 in Ranged Weapons
  3275 | D:6      | Reached skill level 1 in Spellcasting
  3275 | D:6      | Reached XP level 8. HP: 45/45 MP: 9/11
  3319 | D:6      | Reached skill level 1 in Conjurations
  3332 | D:6      | Found an iron altar of Okawaru.
  3371 | D:6      | Reached skill level 1 in Air Magic
  3401 | D:6      | Reached skill level 12 in Ranged Weapons
  3401 | D:6      | Reached skill level 1 in Poison Magic
  3717 | D:6      | Reached * piety under Ashenzari
  4009 | D:4      | Bought a book of the Hunter for 312 gold pieces
  4104 | D:7      | Found an opulent altar of Gozag.
  4272 | D:7      | Reached skill level 13 in Ranged Weapons
  4589 | D:7      | Reached XP level 9. HP: 34/50 MP: 14/14
  4761 | D:7      | Noticed a gargoyle
  4779 | D:7      | Killed a gargoyle
  4843 | D:7      | Found a snail-covered altar of Cheibriados.
  5311 | D:8      | Reached skill level 14 in Ranged Weapons
  5715 | D:8      | Killed an unseen horror
  5951 | D:9      | Noticed Pikel
  5961 | D:9      | Reached XP level 10. HP: 31/56 MP: 19/19
  5979 | D:9      | Reached skill level 5 in Spellcasting
  6020 | D:9      | Reached skill level 15 in Ranged Weapons
  6132 | D:9      | Noticed Erica
  6145 | D:9      | Killed Erica
  6219 | D:9      | Found Nycunuxi's Magic Scroll Shop.
  6297 | D:9      | Killed Pikel
  6408 | D:9      | Found an ornate altar of the Wu Jian Council.
  6412 | D:9      | Learned a level 2 spell: Poisonous Vapours
  6416 | D:9      | Learned a level 3 spell: Mephitic Cloud
  6419 | D:9      | Learned a level 2 spell: Cigotuvi's Dreadful Rot
  6629 | D:9      | Found Ujaymiso's Distillery.
  6686 | D:9      | Found a bloodstained altar of Trog.
  6696 | D:9      | Reached skill level 5 in Conjurations
  6896 | D:10     | Entered Level 10 of the Dungeon
  6902 | D:10     | Found a staircase to the Lair.
  6902 | D:10     | Noticed an elephant
  6929 | D:10     | Found a hide-covered altar of Uskayaw.
  6976 | D:10     | Noticed a cyclops
  6994 | D:10     | Killed a cyclops
  6995 | D:10     | Reached skill level 5 in Fighting
  7045 | D:10     | Noticed a two-headed ogre
  7054 | D:10     | Killed a two-headed ogre
  7059 | D:10     | Reached skill level 5 in Air Magic
  7143 | D:10     | Found a burning altar of Makhleb.
  7217 | D:10     | Reached XP level 11. HP: 64/64 MP: 18/22
  7591 | D:10     | Noticed a two-headed ogre
  7603 | D:10     | Killed a two-headed ogre
  7931 | D:10     | Reached skill level 5 in Poison Magic
  8253 | Lair:1   | Entered Level 1 of the Lair of Beasts
  8528 | Lair:1   | Reached skill level 1 in Hexes
  8623 | Lair:1   | Reached skill level 1 in Earth Magic
  9304 | Lair:2   | Found a gate leading to a gauntlet.
  9337 | Gauntlet | Entered a Gauntlet
  9337 | Gauntlet | Found a transporter.
  9337 | Gauntlet | Found a transporter.
  9489 | Gauntlet | Found a transporter.
  9489 | Gauntlet | Found a transporter.
  9503 | Gauntlet | Found a transporter.
  9509 | Gauntlet | Found a large runed translucent door.
  9510 | Gauntlet | Found a large runed translucent door.
  9511 | Gauntlet | Found a large runed translucent door.
  9511 | Gauntlet | Found a large runed translucent door.
  9512 | Gauntlet | Found a transporter.
  9512 | Gauntlet | Noticed a death yak
  9512 | Gauntlet | Noticed a thrashing horror
  9513 | Gauntlet | Found a runed translucent gate.
  9513 | Gauntlet | Noticed a death yak
  9514 | Gauntlet | Found a transporter.
  9514 | Gauntlet | Found a transporter.
  9514 | Gauntlet | Found a runed translucent gate.
  9514 | Gauntlet | Noticed a death yak
  9514 | Gauntlet | Noticed a thrashing horror
  9515 | Gauntlet | Noticed a death yak
  9518 | Gauntlet | Found a transporter.
  9522 | Gauntlet | Found a runed translucent gate.
  9524 | Gauntlet | Found a large runed translucent door.
  9525 | Gauntlet | Found a large runed translucent door.
  9529 | Gauntlet | Found a large runed translucent door.
  9530 | Gauntlet | Found a large runed translucent door.
  9536 | Gauntlet | Found a large runed translucent door.
  9536 | Gauntlet | Found a large runed translucent door.
  9536 | Gauntlet | Found a runed translucent door.
  9536 | Gauntlet | Found a runed translucent door.
  9537 | Gauntlet | Found a large runed translucent door.
  9538 | Gauntlet | Found a large runed translucent door.
  9540 | Gauntlet | Found a transporter.
  9558 | Gauntlet | Found a transporter.
  9580 | Gauntlet | Found a transporter.
  9626 | Gauntlet | Found a transporter.
  9632 | Gauntlet | Noticed a death scarab
  9640 | Gauntlet | Found a transporter.
  9656 | Gauntlet | Found a large runed translucent door.
  9656 | Gauntlet | Found a large runed translucent door.
  9657 | Gauntlet | Found a large runed translucent door.
  9658 | Gauntlet | Found a large runed translucent door.
  9743 | Gauntlet | Found a transporter.
  9755 | Gauntlet | Noticed a soul eater
  9761 | Gauntlet | Found a transporter.
  9923 | Gauntlet | Noticed a naga warrior
  9925 | Gauntlet | Noticed a naga warrior
 10014 | Gauntlet | Killed a thrashing horror
 10023 | Gauntlet | Reached skill level 5 in Dodging
 10031 | Gauntlet | Killed a thrashing horror
 10063 | Gauntlet | Identified the +11 trident of Joq Xue {heavy, Str+4}
 10063 | Gauntlet | Noticed a minotaur
 10136 | Lair:2   | Reached XP level 12. HP: 44/72 MP: 25/25
 10426 | Lair:2   | Found a hole to the Spider Nest.
 11062 | Lair:2   | Noticed a six-headed hydra
 11072 | Lair:2   | Killed a six-headed hydra
 11177 | Lair:2   | Found a staircase to the Swamp.
 11225 | Lair:2   | Noticed a seven-headed hydra
 11234 | Lair:2   | Killed a seven-headed hydra
 11235 | Lair:2   | Reached skill level 5 in Hexes
 11327 | Lair:3   | Noticed a seven-headed hydra
 11328 | Lair:3   | a seven-headed hydra changed into a shapeshifter
 11386 | Lair:3   | Reached skill level 5 in Earth Magic
 11476 | Lair:3   | Noticed a five-headed hydra
 11485 | Lair:3   | Killed a five-headed hydra
 11525 | Lair:3   | Learned a level 4 spell: Leda's Liquefaction
 11545 | Lair:3   | Noticed a five-headed hydra
 11568 | Lair:3   | Killed a five-headed hydra
 11694 | Lair:3   | Reached XP level 13. HP: 80/80 MP: 26/26
 12183 | Lair:3   | Reached skill level 1 in Necromancy
 12234 | Lair:3   | Reached skill level 10 in Fighting
 13283 | Lair:5   | Entered Level 5 of the Lair of Beasts
 13426 | Lair:5   | Found a staircase to the Slime Pits.
 13426 | Lair:5   | Found a viscous altar of Jiyva.
 13548 | Lair:5   | Reached ** piety under Ashenzari
 13810 | Lair:5   | Reached XP level 14. HP: 92/92 MP: 30/30
 13814 | Lair:5   | Learned a level 3 spell: Inner Flame
 13824 | Lair:5   | Learned a level 3 spell: Portal Projectile
 13937 | Lair:5   | Mangled by a death yak

Illustrated notes

Levels and vault maps discovered:
D:1:      minmay_arrival_up_and_down, layout_rooms,
          chequers_ecumenical_altar_grove, minmay_rat_gold_closets
D:2:      layout_loops_ring, uniq_sigmund
D:3:      layout_rooms, serial_shops, nicolae_shop_crystal, serial_bayou_ford_a
D:4:      layout_basic, mainiacjoe_overflow_24_doors, temple_doors_e,
          serial_shops, shop_fountains, gammafunk_ghost_split, st_stairs_14
D:5:      layout_loops_ring
D:6:      layout_loops_ring, okawaru_metal_pillars_3
D:7:      layout_rooms, nicolae_gozag_seed_capital, kennysheep_slug_shrine
D:8:      layout_layer_cave
D:9:      layout_loops_ring, kennysheep_mini, trog_butcher_becter, serial_shops,
          nicolae_shop_advertising_works [nicolae_subvault_shop_adworks],
          nicolae_stop_n_shop_2, kennysheep_pointless_box, uniq_pikel,
          uniq_erica
D:10:     layout_gridville, mainiacjoe_overflow_chevrons, bloody_makhleb,
          david_lair_generic
Temple:   nicolae_temple_superstar
Lair:1:   layout_regular_city, grunt_megastairs_2, infiniplex_staircase_pool_2,
          lemuel_fruit_tree
Lair:2:   layout_regular_city, palyth_hydra_swamp_entry,
          nicolae_spider_entry_tight_spaces, gauntlet_entry_generic,
          infiniplex_staircase_pool, grunt_megastairs_3
Lair:3:   layout_gridlike, special_room [special_room_mythical_zoo],
          beast_lair_carwin_5, serial_bayou_shore_a, lemuel_fruit_fields
Lair:4:   layout_roguey, grunt_megastairs_5
Lair:5:   grunt_lair_end_beastmaster, layout_cave_pods, slime_entry_1

Skill      XL: |  1  2  3  4  5  6  7  8  9 10 11 12 13 14 |
---------------+-------------------------------------------+-----
Ranged Weapons | 6 7 8 9 10 11 13 14 15 | 15.3
Fighting       | 2 3 5 7 9 11 | 11.2
Armour         | 1 2 |  2.1
Stealth        | 2 3 4 |  4.0
Spellcasting   | 1 2 4 6 7 9 |  9.2
Conjurations   | 3 4 5 6 7 |  7.1
Air Magic      | 2 3 5 6 |  6.0
Dodging        | 3 4 5 7 9 |  9.6
Poison Magic   | 1 3 4 5 6 |  6.2
Hexes          | 3 6 8 |  8.9
Earth Magic    | 3 5 7 8 |  8.0
Necromancy     | 1 |  1.0
Fire Magic     | |  0.6

Action                     |  1- 3 |  4- 6 |  7- 9 | 10-12 | 13-15 || total
---------------------------+-------+-------+-------+-------+-------++-------
   Fire: Shortbow          |   136 |    96 |   362 |   926 |   526 ||  2046
   Cast: Mephitic Cloud    |       |       |       |    31 |       ||    31
         Cigotuvi's Dreadf |       |       |       |     1 |     1 ||     2
         Leda's Liquefacti |       |       |       |       |    11 ||    11
         Poisonous Vapours |       |       |       |       |     3 ||     3
         Inner Flame       |       |       |       |       |     1 ||     1
 Invoke: Curse Item        |       |       |     2 |     1 |     1 ||     4
         Shatter the Chain |       |       |       |     1 |       ||     1
    Use: Scroll            |       |       |       |    11 |       ||    11
         Potion            |       |       |       |     1 |     1 ||     2
 Armour: Leather armour    |    12 |    12 |    28 |     5 |       ||    57
         Steam dragon scal |       |       |       |    86 |    38 ||   124
  Dodge: Dodged            |    22 |    17 |    97 |   321 |   200 ||   657

Table legend: (Time is in decaauts)
 A = Elapsed time spent in this place.
 B = Non-inter-level travel time spent in this place.
 C = Inter-level travel time spent in this place.
 D = Time resting spent in this place.
 E = Time spent auto-exploring this place.
 F = Levels seen in this place.
 G = Mean time per level.
                   A        B        C        D        E       F      G
               +--------+--------+--------+--------+--------+-----+--------+
         Total |  13583 |  12890 |    693 |    551 |   8619 |  17 |  799.0 |
       Dungeon |   8040 |   7558 |    482 |    247 |   5352 |  10 |  804.0 |
        Temple |    130 |    125 |      5 |      0 |    105 |   1 |  130.0 |
          Lair |   4679 |   4474 |    205 |    139 |   2893 |   5 |  935.8 |
      Gauntlet |    733 |    733 |      0 |    165 |    269 |   1 |  733.0 |
               +--------+--------+--------+--------+--------+-----+--------+

Top non-repeatable levels by time:
  Lair:2: 1324 daAuts
  Lair:3: 1194 daAuts
    D:10: 1161 daAuts
     D:9: 1091 daAuts
     D:6: 1017 daAuts
     D:8: 938 daAuts
  Lair:1: 860 daAuts
     D:4: 798 daAuts
  Lair:4: 777 daAuts
     D:3: 751 daAuts
Gauntlet: 733 daAuts
     D:7: 677 daAuts
     D:5: 628 daAuts
     D:1: 577 daAuts
  Lair:5: 522 daAuts
